 Dungeon Crawl Stone Soup version 0.28.0-53-g5a82cb258f (webtiles) character file.

Game seed: 6216992270121145400

11 Zeld the Gusty (level 2, -2/15 HPs)
             Began as a Tengu Air Elementalist on June 14, 2022.
             Slain by an adder (3 damage)
             ... on level 2 of the Dungeon.
             The game lasted 00:00:53 (430 turns).

Zeld the Gusty (Tengu Air Elementalist)              Turns: 430, Time: 00:00:54

Health: -2/15      AC:  2    Str:  8    XL:     2   Next: 25%
Magic:  4/6        EV: 12    Int: 15    God:
Gold:   9          SH:  0    Dex: 14    Spells: 2/5 levels left

rFire   . . .      SeeInvis .   c - +1 whip (venom)
rCold   . . .      Faith    .   (no shield)
rNeg    . . .      Spirit   .   a - +0 robe
rPois   .          Reflect  .   (helmet restricted)
rElec   .          Harm     .   (no cloak)
rCorr   .          Rampage  .   (no gloves)
Will    .....                   (boots unavailable)
Stlth   ++........              (no amulet)
HPRegen 0.05/turn               (no ring)
MPRegen 0.10/turn               (no ring)

@: lethally poisoned (-2 -> -5)
A: beak, talons 3
a: no special abilities


You were on level 2 of the Dungeon.
You visited 1 branch of the dungeon, and saw 2 of its levels.

You collected 9 gold pieces.

Inventory:

Hand Weapons
 c - a +1 whip of venom (weapon)
Armour
 a - a +0 robe (worn)
Jewellery
 b - a ring of willpower


   Skills:
 - Level 2.1 Dodging
 - Level 2.0 Stealth
 * Level 2.3 Spellcasting
 + Level 1.8 Conjurations
 * Level 4.3 Air Magic


You had 2 spell levels left.
You knew the following spells:

 Your Spells              Type           Power      Damage    Failure   Level
a - Shock                 Conj/Air       44%        1d5       6%          1
b - Static Discharge      Conj/Air       11%        N/A       9%          2

Your spell library contained the following spells:

 Spells                   Type           Power      Damage    Failure   Level
 Magic Dart               Conj           28%        1d4       11%         1
 Summon Small Mammal      Summ           4%         N/A       22%         1
 Call Imp                 Summ           1%         N/A       32%         2
 Swiftness                Air            14%        N/A       11%         3
 Mephitic Cloud           Conj/Pois/Air  7%         N/A       28%         3
 Airstrike                Air            7%         N/A       34%         4
 Call Canine Familiar     Summ           1%         N/A       54%         3
 Summon Guardian Golem    Hex/Summ       1%         N/A       54%         3


Dungeon Overview and Level Annotations

Branches:
Dungeon (2/15)

Altars:


Innate Abilities, Weirdness & Mutations

You have a beak for a mouth.
You have claws for feet.


Message History

There are monsters nearby!
Casting: Shock (safe; 6% risk of failure)
Confirm with . or Enter, or press ? or * to list all spells.
The ball python is struck by an arc of lightning!
You kill the ball python!
You are struck by an arc of lightning.
The lightning grounds out.
Unknown command.
The ball python bites you but does no damage.
The ball python completely misses you.
You hit the ball python.
The ball python is poisoned.
The ball python is heavily wounded.
You kill the ball python!
You start resting.
Magic restored.
You start resting.
HP restored.
You start waiting.
Done waiting.
The adder hisses angrily.
You closely miss the adder. The adder misses you.
You closely miss the adder. Your peck misses the adder.
The adder barely misses you.
You barely miss the adder. Your kick misses the adder.
Your peck misses the adder. The adder misses you. The adder bites you.
You are poisoned.
The adder poisons you!
You barely miss the adder. Your kick misses the adder.
You feel sick. The adder bites you.
You miss the adder.
You feel sick. The adder bites you. x2
You are too injured to fight recklessly!
Casting: Static Discharge (safe; 9% risk of failure)
Confirm with . or Enter, or press ? or * to list all spells.
The adder is struck by an arc of lightning.
The adder is moderately wounded.
You are struck by an arc of lightning.
* * * LOW HITPOINT WARNING * * *
The lightning grounds out.
* * * LOW HITPOINT WARNING * * *
You feel sick. The adder bites you.
You die...

#### ...
##.## #...#
#...#
#...#####...
#.@.<.......
#.#S#####...
.......
###.#####
.$. ###. #.
#.


You could see an adder.

Vanquished Creatures
  3 endoplasms (D:1)
  A hobgoblin (D:1)
  2 ball pythons (D:2)
  A bat (D:1)
  2 goblins (D:1)
  A kobold (D:1)
10 creatures vanquished.

Notes
Turn   | Place    | Note
-------+----------+-------------------------------------------
     0 | D:1      | Zeld the Tengu Air Elementalist began the quest for the
                  | Orb.
     0 | D:1      | Reached XP level 1. HP: 10/10 MP: 4/4
   220 | D:1      | Reached XP level 2. HP: 15/15 MP: 3/6
   281 | D:1      | Learned a level 2 spell: Static Discharge
   430 | D:2      | Slain by an adder

Illustrated notes

Levels and vault maps discovered:
D:1:      onia_arrival_mini_spirals, layout_rooms,
          hellmonk_ecumenical_altar_watching_god
D:2:      layout_basic, basic_altar

Action                   || total
-------------------------++-------
Melee: Unarmed           ||     5
       Kick              ||     2
       Peck              ||     1
       Whip              ||     6
 Cast: Shock             ||    14
       Static Discharge  ||     2
Armor: Robe              ||     3
Dodge: Dodged            ||     5
